 Dungeon Sprint DCSS version 0.16.1-2-g95b8d4c (webtiles) character file.

900000 miro the Wrestler (level 12, -19/124 HPs)
             Began as a Ghoul Monk on Mar 25, 2015.
             Was a Believer of Makhleb.
             Demolished by a meat berserker
             ... wielding a +9 battleaxe
              (27 damage)
             ... in the Dungeon (Sprint VIII: "Arena of Blood").
             The game lasted 00:00:44 (9 turns).

miro the Wrestler (Ghoul Monk)                         Turns: 9, Time: 00:00:44

Health: -19/124    AC:  2    Str: 16    XL:     12   Next: 85%
Magic:  9/9        EV: 22    Int:  5    God:    Makhleb [**....]
Gold:   0          SH:  0    Dex: 15    Spells: 0 memorised, 11 levels left

rFire  . . .     SeeInvis .     f - +∞ Axe of Woe
rCold  + . .     Clarity  .     a - +0 robe
rNeg   + + +     SustAb   .     (no shield)
rPois  ∞         Gourm    .     (no helmet)
rElec  .         Spirit   .     (no cloak)
rCorr  .         Warding  .     (no gloves)
rMut   .         NoTele   +     (no boots)
MR     .....                    (no amulet)
Stlth  ++++......               (no ring)
                                (no ring)

@: rotting, not resistant to hostile enchantments, stealthy
A: rotting body, claws 1, carnivore 3, cold resistance 1, negative energy
resistance 3, poison resistance, slow healing 1, torment resistance, unbreathing
a: Minor Destruction, Renounce Religion


You were in the Dungeon.
You worshipped Makhleb.
Makhleb was pleased with you.
You were not hungry.

You visited 1 branch

Inventory:

Hand weapons
 f - the +∞ Axe of Woe (weapon)
   (You found it in the Dungeon)
Armour
 a - a +0 robe (worn)
Scrolls
 g - a scroll of blinking
Potions
 b - a potion of curing
 c - a potion of heal wounds
 d - a potion of haste
 e - 2 potions of magic


   Skills:
 + Level 16.5 Fighting
 + Level 2.4 Axes
 * Level 8.2 Armour
 * Level 15.5 Dodging
 + Level 7.6 Stealth
 - Level 21.1 Unarmed Combat


You had 11 spell levels left.
You didn't know any spells.

Dungeon Overview and Level Annotations

Branches:
Dungeon (1/1)

Altars:
Makhleb


Innate Abilities, Weirdness & Mutations

Your body is rotting away.
You thrive on raw meat.
You have sharp fingernails.
You are carnivorous and can eat meat at any time.
Your flesh is cold resistant.
You are immune to negative energy.
Your system is resistant to poisons.
You heal slowly when monsters are visible.
You are immune to unholy pain and torment.
You can survive without breathing.


Message History

You have reached level 12!
Your experience leads to an increase in your attributes!
Increase (S)trength, (I)ntelligence, or (D)exterity?
You feel agile.
You hear a shout! x12
The bag of meat appears out of thin air!
A bag of meat comes into view. It is wielding a +9 war axe.
You hear a shout! x7 3 orcs come into view.
You swing at nothing.
You hear a shout! x5
The meat berserker hits you with a +9 battleaxe!!!
Ouch! That really hurt!
* * * LOW HITPOINT WARNING * * *
You hear a shout! x6
The bag of meat hits you with a +9 war axe!!
* * * LOW HITPOINT WARNING * * *
You hear a shout! x3
The meat berserker hits you with a +9 battleaxe!!
You die...

... ..... ..
#... .# #...
..# ..###...
..###.
......###......
....._......
#)....# #@oo._#
#O...O#
....._......
......###......
..###... ..###.
#o.o ..# #.o.
.# ..... .. ..o


You could see 2 meat berserkers and 6 bags of meat.

Vanquished Creatures
  An ogre (D)
  An orc (D)
2 creatures vanquished.

Notes
Turn   | Place    | Note
--------------------------------------------------------------
     0 | D        | miro, the Ghoul Monk, began the quest for the Orb.
     0 | D        | Reached XP level 1. HP: 19/19 MP: 1/1
     3 | D        | Noticed a bag of meat
     3 | D        | Noticed a meat berserker
     4 | D        | Became a worshipper of Makhleb the Destroyer
     4 | D        | Acquired Makhleb's first power
     4 | D        | Acquired Makhleb's second power
     5 | D        | Killed a meat berserker
     5 | D        | Reached skill level 14 in Fighting
     5 | D        | Reached skill level 21 in Unarmed Combat
     5 | D        | Reached XP level 2. HP: 22/47 MP: 2/2
     5 | D        | Reached XP level 3. HP: 24/53 MP: 3/3
     5 | D        | Reached XP level 4. HP: 27/61 MP: 3/3
     5 | D        | Reached XP level 5. HP: 30/68 MP: 4/4
     5 | D        | Reached XP level 6. HP: 33/75 MP: 5/5
     5 | D        | Reached XP level 7. HP: 36/82 MP: 5/5
     5 | D        | Reached XP level 8. HP: 39/90 MP: 6/6
     5 | D        | Reached XP level 9. HP: 41/96 MP: 7/7
     5 | D        | Reached XP level 10. HP: 44/104 MP: 7/7
     5 | D        | Reached XP level 11. HP: 46/111 MP: 8/8
     7 | D        | Noticed a meat berserker
     7 | D        | Noticed a bag of meat
     8 | D        | Killed a bag of meat
     8 | D        | Reached skill level 15 in Dodging
     8 | D        | Reached XP level 12. HP: 88/124 MP: 9/9
     9 | D        | Noticed a bag of meat
     9 | D        | Noticed a bag of meat
     9 | D        | Noticed a bag of meat
     9 | D        | Demolished by a meat berserker

Action                   |  1- 3 |  4- 6 |  7- 9 | 10-12 || total
-------------------------+-------+-------+-------+-------++-------
Melee: Executioner's axe |     1 |       |       |     1 ||     2
